AoeStats
← victordh91

Arena

507292176Analyzed
1v1 RM · 13d ago on Sep 17, 2026· 38m 22s· 2 players
Game mode
Random Map
Map size
Tiny (2 player)
Population
200
Speed
Normal
Resources
Standard
Victory
Conquest
Starting age
Dark Age
Ending age
Imperial Age
RankedLock teamsTeams togetherTeam positionsShared explorationLock speedFull tech treeHidden civsTurbo modeCheats
Victory
Defeat
🇳🇱 Franks · Netherlands
916
+14
🇲🇽 Goths · Mexico
883
-14
gabrielyamiltego
10:21 Feudal Age
10:56 Double-Bit Axe
14:52 Castle Age
13:56 Horse Collar
15:59 Bow Saw
16:41 Heavy Plow
17:18 Loom
22:08 Wheelbarrow
23:01 Stone Mining
24:19 Hand Cart
25:57 Squires
25:18 Pikeman
29:21 Imperial Age
27:08 Anarchy
28:35 Gold Mining
29:28 Forging
29:21 Scale Mail Armor
30:29 Conscription
31:30 Two-Man Saw
31:04 Crop Rotation
32:40 Iron Casting
33:04 Halberdier
36:04 Chain Mail Armor
36:50 Blast Furnace
36:31 Elite Huskarl
victordh91
10:14 Feudal Age
15:48 Castle Age
14:05 Double-Bit Axe
16:57 Bow Saw
19:22 Stone Mining
20:21 Wheelbarrow
22:28 Hand Cart
22:40 Loom
26:05 Husbandry
29:25 Padded Archer Armor
29:15 Fletching
29:31 Scale Barding Armor
34:41 Imperial Age
33:42 Chain Barding Armor
33:32 Forging
33:38 Leather Archer Armor
33:23 Scale Mail Armor
34:43 #83
35:34 Squires
35:00 Cavalier
36:19 Plate Barding Armor
36:20 Iron Casting
35:41 Bodkin Arrow
37:06 Conscription
36:07 Elite Throwing Axeman
Connection lost

Rejoining the realm…

Still unreachable

The connection could not be restored.

Session expired

The server has moved on; the page needs a fresh start.